 Dungeon Sprint DCSS version 0.30.1-11-g7821555f0a (webtiles) character file.

Game seed: 4297697432870171118

137 Groucho the Digger (level 5, 0/30 HPs)
             Began as a Deep Elf Earth Elementalist on Jan 15, 2024.
             Was a Believer of Sif Muna.
             Slain by an ogre
             ... wielding a +0 giant club
              (30 damage)
             ... in the Dungeon (Sprint VII: "The Pits").
             The game lasted 00:02:33 (1006 turns).

Groucho the Digger (Deep Elf Earth Elementalist)    Turns: 1006, Time: 00:02:33

Health: 0/30       AC:  2    Str:  5    XL:     5   Next: 0%
Magic:  11/13      EV: 14    Int: 22    God:    Sif Muna [**....]
Gold:   0          SH:  0    Dex: 15    Spells: 9/13 levels left

rFire   . . .        m - +2 dagger (venom)
rCold   . . .        (no shield)
rNeg    . . .        a - +0 robe
rPois   .            (no helmet)
rElec   .            (no cloak)
rCorr   .            (no gloves)
SInv    .            (no boots)
Will    .....        (no amulet)
Stlth   +++          (no ring)
HPRegen 0.25/turn    (no ring)
MPRegen 0.13/turn

%: no teleportation
@: hasted, very quick
A: no striking features
a: Renounce Religion, Channel Magic


You were in the Dungeon.
You worshipped Sif Muna.
Sif Muna was pleased with you.
You visited 1 branch

Inventory:

Hand Weapons
 m - a +2 dagger of venom (weapon)
Missiles
 l - 10 stones
Armour
 a - a +0 robe (worn)
Scrolls
 g - a scroll of blinking
 j - 5 scrolls of amnesia
 k - a scroll of summoning
Potions
 b - 5 potions of magic
 c - 6 potions of curing
 d - 6 potions of heal wounds
 f - 3 potions of berserk rage
 i - 2 potions of invisibility


   Skills:
 + Level 2.1 Fighting
 + Level 2.4 Short Blades
 + Level 2.0 Armour
 + Level 4.4 Dodging
 + Level 4.4 Stealth
 + Level 4.6 Spellcasting
 * Level 4.2 Conjurations
 + Level 3.0 Transmutations
 * Level 5.4 Earth Magic
 + Level 2.7 Invocations


You had 9 spell levels left.
You knew the following spells:

 Your Spells              Type           Power      Damage    Failure   Level
a - Sandblast             Erth           58%        2d13      1%          1
b - Stone Arrow           Conj/Erth      52%        3d10      4%          3

Your spell library contained the following spells:

 Spells                   Type           Power      Damage    Failure   Level
 Passwall                 Tmut/Erth      19%        N/A       2%          2
 Petrify                  Tmut/Erth      23%        N/A       19%         4


Dungeon Overview and Level Annotations

Branches:
Dungeon (1/1)

Altars:
Ashenzari
Cheibriados
Dithmenos
Elyvilon
Fedhas
Gozag
Hepliaklqana
Kikubaaqudgha
Makhleb
Nemelex Xobeh
Okawaru
Qazlal
Ru
Sif Muna
Trog
Uskayaw
Vehumet
Wu Jian
Xom
Yredelemnul
Zin
The Shining One
Jiyva
Lugonu


Message History

There is an open door here.
Magic restored.
You see here a quokka skeleton.
There is an open door here.
You start waiting.
You start waiting.
Done waiting.
You start waiting.
Done waiting.
You open the door.
There is an open door here.
You open the door.
An orc warrior, an orc and an ogre come into view.
The ogre shouts!
A quokka comes into view.
There is an open door here.
This spell is dangerous to cast!
Memorise Stone Arrow, consuming 3 spell levels and leaving 9?
You start memorising the spell.
You continue memorising. x3
You finish memorising.
Spell assigned to 'b'.
Unknown command.
Unknown command.
Casting: Sandblast (safe; 1% risk of failure)
Confirm with . or Enter, or press ? or * to list all spells.
Aiming: Sandblast (safe; 1% risk of failure)
Press: ? - help, Shift-Dir - straight line, f - ogre
Aim: an ogre, wielding a +0 giant club (92% to hit)
The blast of sand misses the ogre.
Unknown command.
Casting: Sandblast (safe; 1% risk of failure)
Confirm with . or Enter, or press ? or * to list all spells.
Aiming: Sandblast (safe; 1% risk of failure)
Press: ? - help, Shift-Dir - straight line, f/p - ogre
Aim: an ogre, wielding a +0 giant club (92% to hit)
The blast of sand hits the ogre!
The ogre is moderately wounded.
You feel yourself speed up.
The ogre hits you with a +0 giant club!!
Ouch! That really hurt!
You die...

#_________.#
#_______...#######
##########'##.....
#.?..')))'.##.....
##########.##.....
#...........'.....
#'#####'#####.....
#.#..#.÷#..##.....
#@#).÷).'..#####'#
#O##'####'###.....
#.#........##.....
#.#....†...##.....
#.#####'#####...<.
#.#..[)))..##.....
#.#..[)))..##.....
#'###########.....
#.....oo# ######


You could see an ogre.

Vanquished Creatures
  A floating eye (D)
  A hound (D)
  An orc (D)
  A bat (D)
  A bat skeleton (D)
  An endoplasm (D)
  A giant cockroach (D)
  A goblin (D)
  A quokka (D)
  A rat (D)
10 creatures vanquished.

Notes
Turn   | Place    | Note
-------+----------+-------------------------------------------
     0 | D        | Groucho the Deep Elf Earth Elementalist began the quest for
                  | the Orb.
     0 | D        | Reached XP level 1. HP: 10/10 MP: 6/6
     8 | D        | Noticed a floating eye
    10 | D        | Killed a floating eye
    11 | D        | Reached skill level 1 in Fighting
    11 | D        | Reached skill level 1 in Armour
    11 | D        | Reached skill level 5 in Earth Magic
    11 | D        | Reached XP level 2. HP: 17/17 MP: 5/9
    11 | D        | Reached XP level 3. HP: 21/21 MP: 5/10
    11 | D        | Reached XP level 4. HP: 26/26 MP: 6/12
   322 | D        | Found a glowing golden altar of the Shining One.
   322 | D        | Found a glowing silver altar of Zin.
   322 | D        | Found a basalt altar of Yredelemnul.
   322 | D        | Found a shimmering altar of Xom.
   322 | D        | Found an ornate altar of the Wu Jian Council.
   322 | D        | Found a bloodstained altar of Trog.
   322 | D        | Found a shimmering blue altar of Sif Muna.
   322 | D        | Found a sacrificial altar of Ru.
   322 | D        | Found a stormy altar of Qazlal.
   322 | D        | Found an iron altar of Okawaru.
   322 | D        | Found a sparkling altar of Nemelex Xobeh.
   322 | D        | Found a burning altar of Makhleb.
   322 | D        | Found a viscous altar of Jiyva.
   322 | D        | Found a hazy altar of Hepliaklqana.
   322 | D        | Found an opulent altar of Gozag.
   322 | D        | Found a blossoming altar of Fedhas.
   322 | D        | Found a white marble altar of Elyvilon.
   322 | D        | Found a shadowy altar of Dithmenos.
   322 | D        | Found a snail-covered altar of Cheibriados.
   323 | D        | Found a radiant altar of Vehumet.
   323 | D        | Found a corrupted altar of Lugonu.
   324 | D        | Found an ancient bone altar of Kikubaaqudgha.
   324 | D        | Found a hide-covered altar of Uskayaw.
   324 | D        | Found a broken altar of Ashenzari.
   325 | D        | Became a worshipper of Sif Muna the Loreminder
   344 | D        | Reached * piety under Sif Muna
   648 | D        | Reached ** piety under Sif Muna
   651 | D        | Reached XP level 5. HP: 30/30 MP: 8/13
   992 | D        | Noticed an orc warrior
   992 | D        | Noticed an ogre
  1002 | D        | Learned a level 3 spell: Stone Arrow
  1006 | D        | Slain by an ogre

Illustrated notes

Levels and vault maps discovered:
D:        pitsprint [storerooms_1, entrance_room_1, metal_vault_5, armoury_2,
          mini_pit_1, grid_room_1, main_hall_1, silver_pit, the_coven_3,
          the_vestibule_1, steel_vault_2, golden_pit, hallway_of_sentries,
          crystal_vault_5, iron_vault_1, final_vault]

Skill      XL: |  1  2  3  4 |
---------------+-------------+-----
Fighting       | 1 2 |  2.1
Short Blades   | 2 |  2.4
Armour         | 1 2 |  2.0
Dodging        | 4 |  4.4
Stealth        | 4 |  4.4
Spellcasting   | 4 |  4.6
Conjurations   | 3 4 |  4.2
Transmutations | 2 3 |  3.0
Earth Magic    | 5 |  5.4
Invocations    | 2 |  2.7

Action                     |  1- 3 |  4- 6 || total
---------------------------+-------+-------++-------
   Cast: Sandblast         |     2 |    12 ||    14
    Use: Potion            |       |     1 ||     1
